 Dungeon Crawl Stone Soup version 0.23.1 (webtiles) character file.

Game seed: 6770011880245364249

16 Kairos the Shield-Bearer (level 2, 16/16 HPs)
             Began as a Vine Stalker Fighter on Mar 5, 2019.
             Quit the game on level 1 of the Dungeon.
             The game lasted 00:00:58 (889 turns).

Kairos the Shield-Bearer (Vine Stalker Fighter)      Turns: 889, Time: 00:00:59

Health: 16/16      AC:  6    Str: 18    XL:     2   Next: 54%
Magic:  3/3        EV:  7    Int:  8    God:
Gold:   23         SH:  9    Dex: 13    Spells: 1/1 levels left

rFire    . . .     SeeInvis .   a - +0 war axe
rCold    . . .     Gourm    .   c - +0 shield
rNeg     . . .     Faith    .   b - +0 scale mail
rPois    .         Spirit   +   (no helmet)
rElec    .         Reflect  .   (no cloak)
rCorr    .         Harm     .   (no gloves)
MR       .....                  (no boots)
Stlth    ..........             (no amulet)
HPRegen  0.05/turn              (no ring)
MPRegen  0.08/turn              (no ring)

@: very slightly contaminated, hasted, very quick
A: fangs 2, magic shield, antimagic bite, no potion heal 3, rot immunity
a: no special abilities


You were on level 1 of the Dungeon.
You were not hungry.

You visited 1 branch of the dungeon, and saw 1 of its levels.

You collected 23 gold pieces.

Inventory:

Hand Weapons
 a - a +0 war axe (weapon)
Armour
 b - a +0 scale mail (worn)
 c - a +0 shield (worn)
Scrolls
 g - a scroll of teleportation
 h - a scroll of magic mapping
Potions
 d - a potion of might
 m - a potion of haste
Comestibles
 f - 3 rations


   Skills:
 + Level 2.8 Fighting
 + Level 1.9 Axes
 + Level 2.6 Armour
 + Level 3.0 Shields


You had one spell level left.
You didn't know any spells.
Your spell library was empty.

Dungeon Overview and Level Annotations

Branches:
Dungeon (1/15)

Altars:


Innate Abilities, Weirdness & Mutations

You have extremely sharp teeth.
When hurt, damage is shared between your health and your magic reserves.
Your bite disrupts and absorbs the magic of your enemies.
Potions cannot restore your health.
You are immune to rotting.


Message History

As you read the scroll labeled DEVOLO HODE, it crumbles to dust.
You feel strangely unstable.
It was a scroll of teleportation.
As you read the scroll labeled UDGHASU HEXA, it crumbles to dust.
It is a scroll of identify.
h - a scroll of magic mapping
As you read the scroll labeled TOATEUZEFA, it crumbles to dust.
The air around you briefly surges with heat, but it dissipates.
It was a scroll of immolation.
As you read the scroll labeled PUQAAJ AKHUIMU, it crumbles to dust.
You assume a fearsome visage.
Nothing appears to happen.
It was a scroll of fear.
Blink to where?
Press: ? - help, Dir - move target cursor You are very lightly contaminated with residual magic.
As you read the scroll labeled SUMABBOAGO, it crumbles to dust.
It was a scroll of blinking.
Your surroundings suddenly seem different.
It was a potion of curing.
That felt strangely inert.
It was a potion of haste.
You feel yourself speed up.
Are you sure you want to abandon this character and quit the game? (Confirm with "yes".)

##.#......)..#.#.#
'..##........#...#
#..#..........#..#
##...............######
#########..#......(.).# ..#
##.#.########.# ..#
#.#.#......#.#
##########.#.....##.#.#
#.....†.##.#....@##.#.# #####
#.#####.##)#.....##.#.###...#####
..# #.##.............##.).##...
..# #.###......##.#..#....(....
..# #.....>.....†.#..#....##...
#.###################..#.....+...
#......................#######...
######################.# #.##
....# #.# #.....#.# #.#


There were no monsters in sight!

Vanquished Creatures
  5 bats (D:1)
  A giant cockroach (D:1)
  3 hobgoblins (D:1)
  4 frilled lizards (D:1)
  2 kobolds (D:1)
  2 rats (D:1)
17 creatures vanquished.

Notes
Turn   | Place    | Note
-------+----------+-------------------------------------------
     0 | D:1      | Kairos the Vine Stalker Fighter began the quest for the
                  | Orb.
     0 | D:1      | Reached XP level 1. HP: 11/11 MP: 2/2
   116 | D:1      | Reached XP level 2. HP: 14/16 MP: 3/3
   397 | D:1      | Reached skill level 3 in Shields
   889 | D:1      | Quit the game

Skill      XL: |  1  2 |
---------------+-------+-----
Shields        | 3 |  3.0
Fighting       | |  2.8
Axes           | |  1.9
Armour         | |  2.6

Action                   || total
-------------------------++-------
Melee: War axe           ||    44
       Bite              ||     9
  Use: Scroll            ||     5
       Potion            ||     2
Armor: Scale mail        ||    19
Dodge: Dodged            ||    10
Block: Shield            ||    29
